 Dungeon Crawl Stone Soup version 0.27.1 (webtiles) character file.

Game seed: 16133712919709500471

19 AIAndy the Magician (level 2, -1/21 HPs)
             Began as a Djinni Earth Elementalist on Aug 28, 2021.
             Engulfed by a cloud of flame (8 damage)
             ... on level 1 of the Dungeon.
             The game lasted 00:04:05 (1473 turns).

AIAndy the Magician (Djinni Earth Elementalist)     Turns: 1473, Time: 00:04:06

Health: -1/21      AC:  2    Str:  7    XL:     2   Next: 95%
Gold:   36         EV: 12    Int: 16    God:
                   SH:  0    Dex: 13

rFire    + + .     SeeInvis .   (no weapon)
rCold    x . .     Faith    .   (no shield)
rNeg     . . .     Spirit   .   b - +0 robe
rPois    ∞         Reflect  .   (no helmet)
rElec    .         Harm     .   (no cloak)
rCorr    +         Rampage  .   (no gloves)
Will     .....                  (boots unavailable)
Stlth    ++........             (no amulet)
HPRegen  0.07/turn              R - ring of resist corrosion
MPRegen  0.00/turn              (no ring)

@: flying
A: sickness immunity, fire resistance 2, cold vulnerability 1, float, innate
caster, hp casting, extra vitality 1
a: no special abilities


You were on level 1 of the Dungeon.
You visited 1 branch of the dungeon, and saw 1 of its levels.

You collected 36 gold pieces.


Innate Abilities, Weirdness & Mutations

You are immune to sickness and miasma.
You are immune to poison.
Your flesh is very heat resistant. (rF++)
You are vulnerable to cold. (rC-)
You float through the air rather than walking.
You learn spells naturally, not from books.
Your magical power is your life essence.
You have superior vitality. (+4 HP)


   Skills:
 - Level 2.1 Dodging
 - Level 1.5 Stealth
 + Level 3.1 Spellcasting


You couldn't memorise any spells.
You knew the following spells:

 Your Spells              Type           Power      Damage    Failure   Level
a - Passwall              Tmut/Erth      10%        N/A       8%          2
p - Petrify               Tmut/Erth      12%        N/A       45%         4
w - Stone Arrow           Conj/Erth      24%        3d8       16%         3
z - Sandblast             Erth           24%        2d8       4%          1
Your spell library was empty.

Inventory:

Missiles
 c - 7 stones
Armour
 b - a +0 robe (worn)
Jewellery
 R - a ring of resist corrosion (left hand)
Scrolls
 e - 2 scrolls of fear {unknown}
 f - 2 scrolls of teleportation {unknown}
 i - a scroll of magic mapping {unknown}
 j - a scroll of identify {unknown}
Potions
 a - a potion of berserk rage {unknown}
 d - a potion of haste {unknown}
 g - a potion of lignification {unknown}
 h - a potion of might {unknown}

Dungeon Overview and Level Annotations

Branches:
Dungeon (1/15)

Altars:

..▒ ☼§▒ ☼§○▒ §§○▒
#▒▒▒▒▒...▒▒▒▒▒#####
#.§§☼.!??.○°§.....#
#############.§§☼.?(..§§§..##.###
..............○○@.$.$.☼☼§........
########.....▒▒▒▒▒...▒▒▒▒▒###.###
######.....▒ ▒§○§▒ #.#..
#..........▒ ▒§○§▒ ▒###.#.#
#..........▒ ▒☼☼§▒ ▒....#..
###....>..###▒▒▒▒▒...▒▒▒▒▒#######
............'............(.......
###........##.....####.#.########
#........##.....# #.#.###


There were no monsters in sight!


Message History

Found a stone staircase leading down.
Search for what [Enter for "."]? .
Found a scroll labelled QAOHOU HEFI.
Found a scroll labelled JASTRAPAYCS.
j - a scroll labelled JASTRAPAYCS You reach down and open the door.
There is an open door here.
There is an open door here.
Found a stone staircase leading down.
Found a scroll labelled DUXTAQ TEEJUB.
Found a hunting sling.
Found a faded altar of an unknown god.
e - 2 scrolls labelled DUXTAQ TEEJUB (gained 1)
There is a stone staircase leading down here.
Found a glowing puce potion.
Found a scroll labelled JASTRAPAYCS.
Partly explored, can't reach some items and places.
Really fly into a travel-excluded area?
You are engulfed in blazing flames.
You resist.
You are engulfed in blazing flames.
You resist.
* * * LOW HITPOINT WARNING * * *
You start resting.
HP restored.
Really fly into a travel-excluded area?
Really fly into that cloud of flame?
You are engulfed in blazing flames.
You resist.
Really fly into that cloud of flame?
You are engulfed in blazing flames.
You resist.
* * * LOW HITPOINT WARNING * * *
You are engulfed in blazing flames.
You resist.
You die...

Skill      XL: |  1  2 |
---------------+-------+-----
Spellcasting   | 3 |  3.1
Dodging        | |  2.1
Stealth        | |  1.5

Action                   || total
-------------------------++-------
 Cast: Sandblast         ||    28
Armor: Robe              ||     2
Dodge: Dodged            ||    11

Levels and vault maps discovered:
D:1:      ebering_hopf_link, layout_basic, basic_ecumenical_altar,
          palyth_stone_intersect, chequers_serial_rivers_micro_b,
          lemuel_flame_loot_1

Notes
Turn   | Place    | Note
-------+----------+-------------------------------------------
     0 | D:1      | AIAndy the Djinni Earth Elementalist began the quest for
                  | the Orb.
     0 | D:1      | Reached XP level 1. HP: 15/15 MP: 0/0
   335 | D:1      | Reached XP level 2. HP: 17/21 MP: 0/0
   642 | D:1      | Reached skill level 3 in Spellcasting
  1254 | D:1      | Found a faded altar of an unknown god.
  1473 | D:1      | Engulfed by a cloud of flame

Vanquished Creatures
  An endoplasm (D:1)
  A giant cockroach (D:1)
  2 hobgoblins (D:1)
  6 jackals (D:1)
  2 quokkas (D:1)
  A frilled lizard (D:1)
  2 kobolds (D:1)
  A rat (D:1)
16 creatures vanquished.

Table legend: (Time is in decaauts)
 A = Elapsed time spent in this place.
 B = Non-inter-level travel time spent in this place.
 C = Inter-level travel time spent in this place.
 D = Time resting spent in this place.
 E = Time spent auto-exploring this place.
 F = Levels seen in this place.
 G = Mean time per level.
                   A        B        C        D        E       F      G
               +--------+--------+--------+--------+--------+-----+--------+
         Total |   1472 |   1472 |      0 |    145 |   1194 |   1 | 1472.0 |
       Dungeon |   1472 |   1472 |      0 |    145 |   1194 |   1 | 1472.0 |
               +--------+--------+--------+--------+--------+-----+--------+

Top non-repeatable levels by time:
     D:1: 1472 daAuts

Table legend:
 A = Non-vault XP
 B = Vault XP
 C = Vault XP percentage of total XP
 D = Non-vault monster count
 E = Vault monster count
 F = Vault count percentage of total count
                 A         B        C        D         E       F
            +---------+---------+-------+---------+---------+-------
      Total |      28 |       0 |   0.0 |      16 |       0 |   0.0
            +---------+---------+-------+---------+---------+-------
        D:1 |      28 |       0 |   0.0 |      16 |       0 |   0.0
            +---------+---------+-------+---------+---------+-------
